Map: Thunderbird LE

Players

HeRoMaRinE

  • Race: Terran Terran
  • Spawn Location: 5:00

Classic - Winner!

  • Race: Protoss Protoss
  • Spawn Location: 11:00

Event: 2019 WCS Global FInals

VOD

Have the link to the VOD?

Description

Time

  • Played on: Oct. 25, 2019, 10:43 p.m.
  • Length: 11:37

All games in this series

Show
View Real Time Build Order
Export as new Build Order

HeRoMaRinE Terran 

Build Orders: Reaper Expand 

Get SALT Encoding   

  12  0:00  SCV  
  13  0:12  SCV  
  14  0:17  Supply Depot  
  14  0:24  SCV  
  15  0:38  SCV  
  15  0:40  Barracks  
  16  0:42  Refinery  
  16  0:50  SCV  
  17  1:02  SCV  
  18  1:15  SCV  
  19  1:27  Reaper, Orbital Command  
  20  1:41  Command Center  
  20  1:49  Supply Depot  
  20  1:53  SCV  
  21  1:59  Marine  
  22  2:05  SCV  
  23  2:10  Factory  
  23  2:17  SCV  
  23  2:18  Refinery  
  23  2:19  Barracks Reactor  
  24  2:29  SCV  
  25  2:41  SCV  
  26  2:46  Bunker  
  26  2:53  SCV, Orbital Command  
  26  2:54  Widow Mine  
  26  2:56  Marine x2  
  31  3:01  Starport  
  31  3:05  SCV  
  31  3:14  Marine x2  
  31  3:16  Widow Mine  
  31  3:19  SCV x2  
  37  3:29  Supply Depot  
  37  3:31  SCV x2  
  37  3:32  Marine x2  
  41  3:37  Viking  
  43  3:43  SCV  
  43  3:45  SCV  
  43  3:47  Factory Tech Lab  
  45  3:49  Marine  
  45  3:50  Marine  
  45  3:54  Supply Depot  
  45  3:55  SCV  
  48  3:57  SCV  
  49  4:07  SCV  
  49  4:09  SCV  
  51  4:13  Command Center  
  51  4:15  Marine x2  
  53  4:21  SCV x2  
  53  4:23  Barracks, Raven  
  57  4:29  Supply Depot  
  57  4:33  Barracks  
  57  4:35  SCV x2  
  57  4:37  Marine x2  
  61  4:42  Engineering Bay  
  61  4:46  Factory Tech Lab  
  61  4:47  SCV  
  61  4:50  SCV  
  61  4:51  Supply Depot  
  63  4:55  Marine x2, Refinery  
  63  4:59  SCV  
  66  5:03  SCV  
  67  5:08  Terran Infantry Weapons Level 1  
  67  5:11  SCV  
  67  5:13  Supply Depot  
  67  5:15  SCV  
  67  5:16  Marine x2  
  67  5:17  Factory Reactor  
  67  5:18  Starport Reactor, Stimpack  
  71  5:22  Marauder  
  72  5:29  Missile Turret  
  72  5:30  Barracks x2  
  72  5:33  Missile Turret  
  72  5:35  Orbital Command  
  72  5:36  SCV  
  72  5:38  SCV  
  72  5:41  Combat Shield  
  74  5:47  Refinery  
  74  5:49  SCV, Marauder  
  77  5:50  Marauder  
  77  5:51  SCV  
  80  5:58  Medivac x2  
  80  5:59  Marine x2  
  80  6:01  SCV  
  80  6:03  SCV, Orbital Command  
  88  6:11  Supply Depot  
  87  6:13  SCV, Marauder x2  
  87  6:14  Widow Mine x2  
  87  6:15  SCV  
  97  6:21  Supply Depot  
  97  6:25  SCV  
  98  6:26  Barracks Tech Lab, Barracks Reactor  
  98  6:27  SCV  
  98  6:28  Marine  
  98  6:29  Marine  
  102  6:32  SCV  
  102  6:34  Marauder x2  
  102  6:37  SCV  
  102  6:39  SCV  
  106  6:40  Missile Turret  
  106  6:42  Refinery x2  
  106  6:44  Concussive Shells, SCV  
  107  6:49  Widow Mine, SCV  
  107  6:51  SCV  
  107  6:52  Supply Depot  
  107  6:53  Supply Depot  
  111  6:57  Medivac x2, SCV  
  116  7:01  SCV  
  116  7:02  Terran Infantry Armor Level 1  
  116  7:07  Supply Depot  
  116  7:08  SCV  
  117  7:14  Widow Mine, SCV x2, Marauder x2  
  117  7:15  Marauder  
  127  7:20  Marine, SCV  
  127  7:21  Marine x2  
  129  7:24  Ghost Academy, Marine  
  129  7:26  SCV x2  
  132  7:38  Command Center  
  132  7:39  Armory, SCV x2  
  137  7:47  Supply Depot  
  139  7:54  Marine x2  
  139  7:55  Engineering Bay  
  141  8:00  Marine x2  
  141  8:01  Medivac x2  
  141  8:06  Supply Depot  
  141  8:09  Missile Turret  
  141  8:11  Enhanced Shockwaves, Sensor Tower  
  147  8:15  SCV x3  
  150  8:22  Marine  
  150  8:23  Marine x3  
  150  8:25  Missile Turret  
  154  8:27  Terran Infantry Weapons Level 2  
  154  8:34  Marine, Unknown x3  
  154  8:39  Starport  
  159  8:41  Marine x2  
  159  8:48  Marine, SCV x3  
  164  8:49  Marine  
  164  8:50  Supply Depot  
  164  8:52  Marauder  
  167  9:03  SCV  
  167  9:04  SCV  
  167  9:06  Unknown  
  167  9:07  Marauder, Unknown  
  165  9:14  Marine, Marauder x2  
  165  9:15  Marine  
  165  9:16  Marine x2  
  171  9:18  Medivac x2  
  170  9:24  Barracks  
  170  9:25  Barracks  
  170  9:26  Barracks  
  170  9:28  Marauder  
  172  9:35  Marauder x2  
  172  9:36  Marine  
  158  9:47  Medivac  
  158  9:48  Medivac  
  158  9:49  Marine x2  
  158  9:50  Marauder  
  150  9:55  Marine  
  150  9:56  Planetary Fortress  
  150  9:57  Marauder x2  
  150  9:59  SCV  
  140  10:00  Marine, SCV x2  
  141  10:07  Marine x2  
  141  10:09  Viking  
  141  10:11  Marauder  
  141  10:12  Refinery  
  141  10:13  Marine  
  148  10:16  Refinery  
  148  10:18  Barracks Tech Lab x2, Marine, Barracks Reactor, Marauder x2  
  148  10:20  Viking  
  155  10:22  Viking  
  155  10:26  Marine x2  
  159  10:32  Marauder  
  159  10:33  Missile Turret  
  161  10:36  Viking  
  161  10:39  Marauder  
  161  10:40  Marauder  
  161  10:41  Viking  
  164  10:45  Marauder x2  
  164  10:47  Marine x2  
  164  10:48  Marine  
  164  10:49  Marine  
  172  10:50  Viking  
  172  10:52  Viking  
  176  10:58  Marauder  
  176  11:04  Marine, Missile Turret  
  178  11:06  Missile Turret  
  168  11:11  Marine  
  168  11:12  Marine, Marauder  
  168  11:14  Marauder  
Show
View Real Time Build Order
Export as new Build Order

Classic Protoss - Winner!

Build Orders: 1 Gate Expand, Oracle Opening, Phoenix Opening, Chargelot Immortal 

Get SALT Encoding   

  12  0:00  Probe  
  13  0:12  Probe  
  14  0:17  Pylon  
  14  0:24  Probe  
  15  0:35  Gateway  
  15  0:36  Probe (Chrono Boost)  
  16  0:46  Assimilator, Probe (Chrono Boost)  
  17  0:51  Probe (Chrono Boost)  
  18  1:03  Probe  
  19  1:15  Probe  
  20  1:23  Nexus  
  20  1:33  Cybernetics Core  
  20  1:36  Probe  
  21  1:41  Assimilator  
  21  1:48  Probe  
  21  1:51  Pylon  
  22  2:00  Probe  
  23  2:08  Adept (Chrono Boost)  
  23  2:12  Probe  
  23  2:15  Stargate  
  26  2:22  Warp Gate  
  26  2:25  Probe (Chrono Boost)  
  27  2:35  Probe (Chrono Boost)  
  29  2:37  Probe (Chrono Boost)  
  30  2:45  Probe x2 (Chrono Boost)  
  30  2:50  Probe (Chrono Boost)  
  30  2:51  Stalker, Probe  
  35  2:58  Oracle (Chrono Boost)  
  35  3:01  Probe  
  35  3:03  Probe  
  40  3:08  Pylon  
  40  3:13  Probe  
  40  3:15  Probe  
  40  3:19  Gateway  
  42  3:25  Probe  
  42  3:26  Oracle (Chrono Boost)  
  43  3:27  Probe  
  47  3:38  Probe  
  47  3:39  Probe  
  49  3:44  Nexus  
  49  3:50  Pylon  
  49  3:54  Assimilator, Phoenix  
  49  3:58  Probe  
  49  3:59  Probe  
  53  4:05  Assimilator  
  53  4:11  Probe x2  
  53  4:13  Stalker x2  
  59  4:22  Robotics Facility  
  60  4:24  Probe x2  
  60  4:28  Pylon  
  61  4:36  Probe  
  62  4:41  Twilight Council  
  62  4:42  Forge  
  62  4:46  Probe  
  62  4:51  Probe (Chrono Boost)  
  64  4:54  Sentry x2  
  64  4:58  Probe (Chrono Boost)  
  64  4:59  Pylon  
  70  5:03  Probe (Chrono Boost)  
  72  5:08  Probe x2 (Chrono Boost)  
  72  5:12  Probe (Chrono Boost)  
  72  5:13  Probe (Chrono Boost)  
  74  5:14  Observer, Probe  
  74  5:16  Protoss Ground Armor Level 1  
  74  5:18  Charge  
  74  5:20  Gateway  
  76  5:22  Gateway, Probe  
  76  5:24  Probe  
  76  5:26  Probe  
  79  5:30  Gateway x2  
  79  5:33  Immortal (Chrono Boost)  
  83  5:43  Pylon  
  83  5:44  Gateway, Sentry  
  83  5:47  Gateway  
  85  5:51  Pylon  
  85  5:52  Sentry  
  87  6:01  Pylon, Probe x2  
  87  6:03  Probe  
  87  6:04  Immortal (Chrono Boost)  
  94  6:12  Pylon  
  93  6:18  Templar Archives  
  93  6:20  Pylon, Probe x3  
  93  6:22  Assimilator  
  93  6:23  Assimilator  
  93  6:33  Immortal (Chrono Boost)  
  93  6:38  Forge  
  97  6:40  Probe x2  
  97  6:41  Pylon  
  99  6:48  Photon Cannon  
  99  6:51  Stalker x3  
  105  6:55  Photon Cannon  
  105  6:56  Zealot x3  
  105  6:58  Blink  
  111  7:01  Zealot  
  111  7:04  Psionic Storm  
  111  7:06  Pylon  
  113  7:11  Observer (Chrono Boost)  
  113  7:13  Stalker  
  116  7:16  Protoss Ground Armor Level 2 (Chrono Boost)  
  116  7:28  Warp Prism (Chrono Boost)  
  116  7:29  Protoss Ground Weapons Level 1 (Chrono Boost)  
  118  7:40  Zealot x3, High Templar  
  118  7:41  Zealot x2  
  118  7:42  Zealot  
  132  7:44  Pylon  
  132  7:47  Photon Cannon, High Templar  
  134  7:54  Warp Prism (Chrono Boost)  
  136  8:06  Nexus  
  136  8:10  Robotics Facility  
  136  8:11  Robotics Bay  
  136  8:19  High Templar x2  
  140  8:24  Gateway, Probe x3  
  140  8:25  Immortal (Chrono Boost), Gateway, Pylon  
  143  8:27  Assimilator  
  143  8:31  Assimilator  
  147  8:36  Pylon  
  147  8:37  Pylon  
  147  8:38  Photon Cannon  
  147  8:51  Extended Thermal Lance  
  141  8:57  High Templar  
  141  8:58  High Templar  
  141  9:00  Zealot x6  
  141  9:15  Colossus x2 (Chrono Boost)  
  137  9:23  Zealot x6  
  159  9:35  Zealot x2  
  161  9:44  Zealot x2  
  161  9:45  Zealot x4  
  134  10:00  Probe x3  
  134  10:01  Colossus x2 (Chrono Boost)  
  134  10:05  High Templar x2  
  153  10:09  Probe  
  153  10:12  Probe x3  
  157  10:15  Stalker x2  
  162  10:21  Probe  
  162  10:24  Probe x2  
  162  10:25  Probe, High Templar  
  162  10:28  Stalker x2  
  167  10:46  Stalker x5  
  175  10:52  Stalker x2  
  175  10:55  Pylon  
  154  11:18  Archon  
  154  11:19  Zealot x8  
  154  11:23  Archon  
Tags
 
Add a new tag
Caveats
  • Supply blocks, unpowered buildings, or Contaminate may cause inaccurate times.
  • Supply counts are checked every 10 seconds.